 Dungeon Crawl Stone Soup version 0.31-a0-795-g5eb97db20b (webtiles) character file.

Game seed: 14714800136282538114

5 cforsyth the Sneak (level 1, 0/20 HPs)
             Began as a Djinni Delver on Sept 18, 2023.
             Slain by a howler monkey (7 damage)
             ... on level 5 of the Dungeon.
             The game lasted 00:00:52 (623 turns).

cforsyth the Sneak (Djinni Delver)                   Turns: 623, Time: 00:00:53

Health: 0/20       AC:  3    Str: 11    XL:     1   Next: 88%
Gold:   48         EV: 12    Int: 11    God:
                   SH:  0    Dex: 14

rFire   + + .        a - +0 falchion
rCold   x . .        (no shield)
rNeg    . . .        b - +0 leather armour
rPois   ∞            (no helmet)
rElec   .            (no cloak)
rCorr   .            (no gloves)
SInv    .            (boots unavailable)
Will    .....        (no amulet)
Stlth   ++           (no ring)
HPRegen 0.23/turn    (no ring)
MPRegen 0.00/turn

%: infuse magic (-1 HP)
@: flying
A: sickness immunity, fire resistance 2, cold vulnerability 1, float, innate
caster, HP casting, extra vitality 1
a: no special abilities


You were on level 5 of the Dungeon.
You visited 1 branch of the dungeon, and saw 1 of its levels.

You collected 48 gold pieces.

Inventory:

Hand Weapons
 a - a +0 falchion (weapon)
Armour
 b - a +0 leather armour (worn)
Wands
 g - a wand of digging (3)
Scrolls
 c - a scroll of fog
 d - a scroll of revelation
 e - a scroll of fear
Potions
 f - a potion of haste
 h - a potion of might {unknown}
 i - 2 potions of degeneration {unknown}


   Skills:
 + Level 3.1 Fighting
 - Level 1.7 Long Blades
 - Level 2.1 Dodging
 - Level 4.1 Stealth
 + Level 0.4 Spellcasting
 + Level 0.4 Conjurations
 + Level 0.4 Hexes
   Level 0.0 Charms
 + Level 0.4 Summonings
 + Level 0.4 Necromancy
 + Level 0.4 Translocations
 + Level 0.4 Transmutations
 + Level 0.4 Fire Magic
 + Level 0.4 Ice Magic
 + Level 0.4 Air Magic
 + Level 0.4 Earth Magic
 + Level 0.4 Poison Magic You didn't know any spells. Your spell library was empty.

Dungeon Overview and Level Annotations

Branches:
Dungeon (5/15)
 Temple: D:4-7

Altars:
Cheibriados


Innate Abilities, Weirdness & Mutations

You are immune to sickness and miasma.
You are immune to poison.
Your flesh is very heat resistant. (rF++)
You are vulnerable to cold. (rC-)
You float through the air rather than walking.
You learn spells naturally, not from books.
Your magical power is your life essence.
You have superior vitality. (+4 MHP)


Message History

Okay, then.
A magic dart appears from out of thin air!
The magic dart hits you.
* * * LOW HITPOINT WARNING * * *
A puff of flame appears from out of thin air!
The puff of flame misses you.
Found 5 stones and a scroll labelled XEITESI FYKK.
HP restored.
A howler monkey comes into view.
Found 8 gold pieces.
The helpless howler monkey fails to defend itself.
You hit the howler monkey.
The howler monkey is lightly wounded.
The howler monkey hoots and howls with incredible vigour!
You hit the howler monkey.
The howler monkey is lightly wounded.
The howler monkey closely misses you. The howler monkey hits you.
You hit the howler monkey.
The howler monkey is moderately wounded.
The howler monkey hits you.
You barely miss the howler monkey.
The howler monkey is moderately wounded.
The howler monkey hoots and howls with incredible vigour!
The howler monkey hits you.
You hit the howler monkey.
The howler monkey is heavily wounded.
The howler monkey barely misses you.
You closely miss the howler monkey.
The howler monkey is heavily wounded.
The howler monkey hoots and howls with incredible vigour! x2
You hit the howler monkey but do no damage.
The howler monkey is heavily wounded.
The howler monkey hoots and howls with incredible vigour!
You hit the howler monkey.
The howler monkey is heavily wounded.
The howler monkey closely misses you.
You hit the howler monkey.
The howler monkey is severely wounded.
The howler monkey hits you. The howler monkey hits you!
You die...

#. #. #. ##### #.## ###...#
#..# #.....# #..# ##..####
#.h# ##...## #.@#####...?.##
#.............##
##.............# #
#######.......# # ##........#
## #.........# .# ##.........#
.# ########## ##..........#
.######........###...........#


You could see a howler monkey (catching breath).

Vanquished Creatures
  2 orcs (D:5)
  A quokka (D:5)
3 creatures vanquished.

Notes
Turn   | Place    | Note
-------+----------+-------------------------------------------
     0 | D:5      | cforsyth the Djinni Delver began the quest for the Orb.
     0 | D:5      | Reached XP level 1. HP: 20/20 MP: 0/0
   177 | D:5      | Found a snail-covered altar of Cheibriados.
   195 | D:5      | HP: 1/20 [worm (10)]
   323 | D:5      | Noticed an orc wizard
   323 | D:5      | Noticed an orc priest
   493 | D:5      | Noticed an orc wizard
   514 | D:5      | Noticed an ice beast
   613 | D:5      | Noticed a howler monkey
   623 | D:5      | Slain by a howler monkey

Illustrated notes

Levels and vault maps discovered:
D:5:      layout_layer_cave, slow_altar_1

Action                     || total
---------------------------++-------
  Melee: Falchion          ||    30
    Use: Scroll            ||     1
   Stab: Sleeping          ||     1
 Armour: Leather armour    ||    20
  Dodge: Dodged            ||    15

Table legend: (Time is in decaauts)
 A = Elapsed time spent in this place.
 B = Non-inter-level travel time spent in this place.
 C = Inter-level travel time spent in this place.
 D = Time resting spent in this place.
 E = Time spent auto-exploring this place.
 F = Levels seen in this place.
 G = Mean time per level.
                   A        B        C        D        E       F      G
               +--------+--------+--------+--------+--------+-----+--------+
         Total |    629 |    629 |      0 |    130 |    289 |   1 |  629.0 |
       Dungeon |    629 |    629 |      0 |    130 |    289 |   1 |  629.0 |
               +--------+--------+--------+--------+--------+-----+--------+

Top non-repeatable levels by time:
     D:5: 629 daAuts
